 Dungeon Sprint DCSS version 0.26-a0-652-gafc20e3620 (webtiles) character file.

Game seed: 3735107647500320928

122 sahdkjhfkaj the Ducker (level 4, 0/21 HPs)
             Began as a Spriggan Earth Elementalist on Oct 2, 2020.
             Was a Priest of Sif Muna.
             Slain by a wight
             ... wielding a +0 dagger
              (4 damage)
             ... in the Dungeon (Sprint VII: "The Pits").
             The game lasted 00:01:38 (619 turns).

sahdkjhfkaj the Ducker (Spriggan Earth Elementalist) Turns: 619, Time: 00:01:39

Health: 0/21       AC:  2    Str:  4    XL:     4   Next: 78%
Magic:  1/12       EV: 22    Int: 17    God:    Sif Muna [***...]
Gold:   0          SH:  0    Dex: 16    Spells: 10/14 levels left

rFire    . . .     SeeInvis +   o - +2 long sword (flame)
rCold    . . .     Faith    .   (shield restricted)
rNeg     . . .     Spirit   .   c - +0 robe
rPois    .         Reflect  .   (helmet restricted)
rElec    .         Harm     .   (no cloak)
rCorr    .         Rampage  .   (gloves unavailable)
MR       .....     NoTele   +   (boots unavailable)
Stlth    ++........             (no amulet)
HPRegen  0.07/turn              (no ring)
MPRegen  0.13/turn              (no ring)

@: lightly drained, very quick
A: very small, unfitting armour, see invisible, speed 3
a: Channel Magic, Forget Spell, Renounce Religion


You were in the Dungeon.
You worshipped Sif Muna.
Sif Muna was most pleased with you.
You visited 1 branch

Inventory:

Hand Weapons
 o - a +2 long sword of flaming (weapon)
Missiles
 b - 31 stones (quivered)
Armour
 c - a +0 robe (worn)
Scrolls
 i - a scroll of blinking
 j - 3 scrolls of remove curse
 k - 5 scrolls of amnesia
 l - a scroll of summoning
 m - 2 scrolls of vulnerability
Potions
 a - 2 potions of invisibility
 d - 5 potions of curing
 e - 6 potions of heal wounds
 f - a potion of haste
 g - 4 potions of magic
 h - 3 potions of berserk rage


   Skills:
 + Level 7.2(6.9) Dodging
 - Level 3.0(2.7) Stealth
 + Level 5.9(5.5) Spellcasting
   Level 1.3(1.0) Transmutations
 * Level 7.0(6.7) Earth Magic


You had 10 spell levels left.
You knew the following spells:

 Your Spells              Type           Power        Failure   Level
a - Sandblast             Erth           ####..       1%          1
b - Stone Arrow           Conj/Erth      ###...       10%         3

Your spell library contained the following spells:

 Spells                   Type           Power        Failure   Level
 Passwall                 Tmut/Erth      ###.....     4%          2
 Lee's Rapid Deconstruct  Erth           ####......   24%         5
 Petrify                  Tmut/Erth      ###.....     26%         4


Dungeon Overview and Level Annotations

Branches:
Dungeon (1/1)

Altars:
Ashenzari
Cheibriados
Dithmenos
Elyvilon
Fedhas
Gozag
Hepliaklqana
Kikubaaqudgha
Makhleb
Nemelex Xobeh
Okawaru
Qazlal
Ru
Sif Muna
Trog
Uskayaw
Vehumet
Wu Jian
Xom
Yredelemnul
Zin
The Shining One
Beogh
Jiyva
Lugonu


Innate Abilities, Weirdness & Mutations

You are very small and have problems with some larger weapons.
You are too small for most types of armour.
You have supernaturally acute eyesight. (SInv)
You cover ground extremely quickly.


Message History

You hit the wight. You burn the wight.
You destroy the wight!
Sif Muna accepts your kill.
Your Dodging skill increases to level 7!
Your Earth Magic skill increases to level 7!
You barely miss the wight.
The wight is lightly damaged.
The wight completely misses you. x2; The wight hits you with a +0 falchion!
* * * LOW HITPOINT WARNING * * *
You feel drained.
You closely miss the wight.
The wight is lightly damaged.
The wight misses you. The wight barely misses you.
You riposte.
You closely miss the wight.
The wight is lightly damaged.
The wight completely misses you.
You hit the wight. You burn the wight.
The wight is moderately damaged.
The wight completely misses you. The wight hits you with a +0 dagger.
You die...

############
#_________.#
#_________.#
#_______...#######
##########'##.....
#....')))'.##.....
##########.##.....
#@z.........'.....
#z#####'#####.....
#.#...#.#..##.....
#.#...#.#))#####'#
#.#...[.#))##.....
#.##'####))##.....
#.#.)...#[[##.....
#.#.....#'###...<.
#.#........##.....


You could see 2 wights.

Vanquished Creatures
  2 wights (D)
  A worker ant (D)
  An orc (D)
  2 giant cockroaches (D)
  2 goblins (D)
  4 jackals (D)
  A quokka (D)
  A bat (D)
  A rat (D)
15 creatures vanquished.

Notes
Turn   | Place    | Note
-------+----------+-------------------------------------------
     0 | D        | sahdkjhfkaj the Spriggan Earth Elementalist began the quest
                  | for the Orb.
     0 | D        | Reached XP level 1. HP: 9/9 MP: 5/5
    28 | D        | Found a bloodstained altar of Trog.
    28 | D        | Found a shimmering blue altar of Sif Muna.
    28 | D        | Found a viscous altar of Jiyva.
    28 | D        | Found a hazy altar of Hepliaklqana.
    28 | D        | Found an opulent altar of Gozag.
    29 | D        | Found a glowing golden altar of the Shining One.
    29 | D        | Found a glowing silver altar of Zin.
    29 | D        | Found a basalt altar of Yredelemnul.
    29 | D        | Found a shimmering altar of Xom.
    29 | D        | Found an ornate altar of the Wu Jian Council.
    29 | D        | Found a sacrificial altar of Ru.
    29 | D        | Found a stormy altar of Qazlal.
    29 | D        | Found an iron altar of Okawaru.
    29 | D        | Found a sparkling altar of Nemelex Xobeh.
    29 | D        | Found a burning altar of Makhleb.
    29 | D        | Found a blossoming altar of Fedhas.
    29 | D        | Found a white marble altar of Elyvilon.
    29 | D        | Found a shadowy altar of Dithmenos.
    29 | D        | Found a snail-covered altar of Cheibriados.
    30 | D        | Found a radiant altar of Vehumet.
    30 | D        | Found a corrupted altar of Lugonu.
    30 | D        | Found a roughly hewn altar of Beogh.
    31 | D        | Found a hide-covered altar of Uskayaw.
    31 | D        | Found an ancient bone altar of Kikubaaqudgha.
    31 | D        | Found a broken altar of Ashenzari.
    34 | D        | Became a worshipper of Sif Muna the Loreminder
    72 | D        | Reached * piety under Sif Muna
   160 | D        | Reached XP level 2. HP: 10/13 MP: 3/6
   224 | D        | Reached ** piety under Sif Muna
   232 | D        | Reached skill level 5 in Dodging
   232 | D        | Reached skill level 5 in Earth Magic
   232 | D        | Reached XP level 3. HP: 11/16 MP: 2/9
   576 | D        | Learned a level 3 spell: Stone Arrow
   579 | D        | Reached *** piety under Sif Muna
   610 | D        | Reached skill level 5 in Spellcasting
   610 | D        | Reached XP level 4. HP: 10/21 MP: 0/12
   619 | D        | Slain by a wight

Illustrated notes

Levels and vault maps discovered:
D:        pitsprint [storerooms_1, entrance_room_1, metal_vault_2, armoury_2,
          mini_pit_1, grid_room_1, main_hall_1, silver_pit, the_coven_2,
          the_vestibule_1, steel_vault_2, golden_pit, hallway_of_sentries,
          crystal_vault_6, iron_vault_3, final_vault]

Skill      XL: |  1  2  3  4 |
---------------+-------------+-----
Earth Magic    | 4 5 6 7 |  7.0
Dodging        | 5 6 7 |  7.2
Spellcasting   | 4 5 |  5.9
Stealth        | |  3.0
Transmutations | |  1.3

Action                   |  1- 3 |  4- 6 || total
-------------------------+-------+-------++-------
Melee: Falchion          |    14 |       ||    14
       Long sword        |     4 |     8 ||    12
 Cast: Sandblast         |     8 |     1 ||     9
       Stone Arrow       |     4 |       ||     4
  Use: Potion            |     1 |       ||     1
 Stab: Sleeping          |     1 |       ||     1
Armor: Robe              |     3 |       ||     3
Dodge: Dodged            |    20 |    15 ||    35
       Rpst.: Falchion   |     5 |       ||     5
       Long sword        |     2 |     6 ||     8

Table legend: (Time is in decaauts)
 A = Elapsed time spent in this place.
 B = Non-inter-level travel time spent in this place.
 C = Inter-level travel time spent in this place.
 D = Time resting spent in this place.
 E = Time spent auto-exploring this place.
 F = Levels seen in this place.
 G = Mean time per level.
                   A        B        C        D        E       F      G
               +--------+--------+--------+--------+--------+-----+--------+
         Total |    583 |    570 |     13 |    417 |      0 |   1 |  583.0 |
       Dungeon |    583 |    570 |     13 |    417 |      0 |   1 |  583.0 |
               +--------+--------+--------+--------+--------+-----+--------+

Top non-repeatable levels by time:
       D: 583 daAuts
